Map: Romanticide LE

Players

DnS

  • Race: Protoss Protoss
  • League: Master

LiquidClem (Clem) - Winner!

  • Race: Terran Terran
  • League: Grandmaster

Event: DreamHack SC2 Masters 2021 Summer

VOD

Have the link to the VOD?

Description

Time

  • Played on: June 1, 2021, 1 p.m.
  • Length: 8:52

All games in this series

Show
View Real Time Build Order
Export as new Build Order

DnS Protoss 

Build Orders: 1 Gate Expand, Blink Stalkers 

Get SALT Encoding   

  12  0:00  Probe  
  13  0:12  Probe  
  14  0:17  Pylon  
  14  0:24  Probe (Chrono Boost)  
  16  0:36  Probe (Chrono Boost)  
  16  0:37  Gateway  
  16  0:43  Probe (Chrono Boost)  
  16  0:46  Assimilator  
  17  0:51  Probe  
  18  1:03  Probe  
  19  1:15  Probe  
  20  1:24  Nexus  
  20  1:34  Cybernetics Core  
  20  1:39  Zealot  
  22  1:45  Pylon  
  22  1:47  Probe  
  23  2:00  Assimilator  
  23  2:03  Probe  
  23  2:07  Stalker (Chrono Boost)  
  24  2:10  Warp Gate  
  24  2:15  Probe  
  27  2:21  Shield Battery  
  27  2:27  Probe  
  28  2:31  Stalker (Chrono Boost)  
  30  2:38  Probe (Chrono Boost)  
  32  2:44  Probe (Chrono Boost)  
  32  2:49  Probe (Chrono Boost)  
  33  2:53  Probe (Chrono Boost)  
  33  2:54  Probe (Chrono Boost)  
  33  2:56  Twilight Council  
  34  3:03  Probe  
  34  3:04  Probe  
  36  3:10  Stalker  
  38  3:16  Probe (Chrono Boost)  
  38  3:18  Probe (Chrono Boost)  
  40  3:22  Gateway  
  41  3:28  Probe (Chrono Boost)  
  41  3:30  Blink (Chrono Boost)  
  41  3:32  Probe (Chrono Boost)  
  41  3:33  Probe (Chrono Boost)  
  42  3:35  Pylon  
  42  3:40  Probe  
  44  3:43  Probe  
  44  3:46  Robotics Facility  
  45  3:53  Gateway  
  45  3:57  Gateway  
  45  4:09  Stalker  
  41  4:29  Stalker  
  43  4:31  Probe  
  43  4:32  Probe  
  40  4:42  Observer (Chrono Boost)  
  40  4:44  Probe  
  40  4:45  Probe  
  43  4:50  Assimilator, Observer  
  39  4:56  Probe  
  39  4:57  Probe  
  41  5:08  Probe  
  41  5:09  Probe  
  43  5:16  Warp Prism  
  44  5:33  Stalker  
  44  5:34  Probe x2 (Chrono Boost)  
  48  5:44  Stalker  
  48  5:46  Probe (Chrono Boost)  
  48  5:47  Probe (Chrono Boost)  
  52  5:50  Pylon  
  52  5:55  Probe (Chrono Boost)  
  52  5:56  Probe (Chrono Boost)  
  53  6:02  Observer  
  54  6:08  Probe x2  
  56  6:14  Stalker x3  
  62  6:22  Pylon, Observer  
  58  6:44  Stalker x3  
  58  6:45  Stalker, Probe  
  58  6:46  Probe, Observer  
  68  6:48  Observer  
  68  6:51  Pylon  
  68  6:58  Probe x2  
  70  7:05  Pylon x2  
  70  7:10  Probe  
  71  7:24  Probe  
  71  7:25  Probe  
  71  7:28  Robotics Bay  
  71  7:29  Assimilator  
  73  7:36  Probe  
  73  7:37  Stalker x2, Observer (Chrono Boost)  
  74  7:38  Probe  
  75  7:54  Probe x2  
  75  8:00  Immortal (Chrono Boost)  
  75  8:05  Stalker x3  
  79  8:06  Probe  
  79  8:07  Pylon, Probe  
  85  8:18  Nexus  
  85  8:19  Pylon  
  85  8:23  Probe  
  85  8:27  Zealot  
  94  8:34  Zealot x3  
  92  8:44  Shield Battery  
Show
View Real Time Build Order
Export as new Build Order

LiquidClem Terran - Winner!

Build Orders: 1/1/1, Widow Mine Drop 

Get SALT Encoding   

  12  0:00  SCV  
  13  0:12  SCV  
  14  0:17  Supply Depot  
  14  0:24  SCV  
  15  0:39  SCV  
  16  0:43  Barracks  
  16  0:44  Refinery  
  16  0:51  SCV  
  16  0:54  Refinery  
  17  1:03  SCV  
  18  1:15  SCV  
  19  1:30  Orbital Command, Marine  
  20  1:32  Factory  
  20  1:42  Supply Depot  
  20  1:48  Barracks Reactor  
  20  1:55  SCV  
  21  2:07  SCV  
  22  2:17  Starport  
  22  2:19  SCV  
  23  2:27  Hellion x2  
  23  2:28  Supply Depot  
  27  2:32  SCV  
  28  2:45  SCV  
  28  2:49  Widow Mine  
  28  2:50  Widow Mine  
  33  2:54  Medivac  
  35  3:01  Supply Depot  
  35  3:10  Widow Mine  
  35  3:11  Widow Mine  
  35  3:12  Armory  
  39  3:23  SCV  
  39  3:25  Starport Tech Lab  
  40  3:27  Barracks Reactor  
  40  3:31  Widow Mine  
  40  3:33  Widow Mine  
  44  3:50  Command Center  
  44  3:55  Supply Depot  
  44  3:59  Raven  
  46  4:03  SCV  
  46  4:06  Marine  
  46  4:12  Marine  
  46  4:16  SCV  
  44  4:24  Marine  
  44  4:25  Barracks  
  44  4:30  Marine  
  46  4:38  SCV  
  47  4:42  Marine  
  47  4:44  Bunker  
  48  4:50  SCV  
  48  4:51  Marine  
  50  5:02  SCV  
  50  5:04  Orbital Command  
  50  5:05  Marine  
  50  5:09  Marine  
  50  5:13  Barracks Tech Lab  
  49  5:14  SCV  
  49  5:16  Viking  
  52  5:24  Marine  
  52  5:26  Marine, SCV  
  53  5:30  SCV  
  53  5:32  Stimpack  
  53  5:33  Marauder  
  54  5:37  Siege Tank  
  54  5:38  SCV  
  54  5:42  Marine  
  58  5:44  Marine  
  58  5:45  SCV  
  61  5:50  Barracks, SCV  
  61  5:54  Marauder  
  61  5:55  Supply Depot  
  64  5:57  SCV  
  64  6:02  SCV  
  66  6:05  Marine  
  66  6:09  Siege Tank, Starport Reactor  
  70  6:16  Supply Depot  
  70  6:17  SCV x2  
  70  6:18  Marine  
  73  6:21  Marauder  
  75  6:26  Marine  
  75  6:27  Refinery  
  75  6:29  SCV  
  75  6:30  SCV  
  78  6:37  Marine  
  78  6:38  Supply Depot  
  78  6:41  SCV  
  78  6:42  Marauder  
  78  6:44  Barracks Tech Lab  
  78  6:46  Siege Tank  
  83  6:48  Marine  
  83  6:52  SCV  
  83  6:53  SCV  
  86  6:56  Refinery, Supply Depot  
  86  7:00  Medivac, Marine  
  86  7:01  Medivac  
  91  7:03  Marauder  
  91  7:04  Supply Depot  
  93  7:09  Marine  
  93  7:13  Supply Depot  
  93  7:16  SCV x2  
  93  7:17  Marauder, Marine  
  93  7:19  Supply Depot  
  93  7:21  Supply Depot  
  97  7:23  Siege Tank  
  97  7:26  Marauder  
  97  7:29  Marine  
  103  7:31  Concussive Shells  
  103  7:37  Marine  
  103  7:38  SCV  
  103  7:39  SCV  
  103  7:43  Marauder  
  107  7:48  Marauder  
  107  7:50  Marine, SCV  
  107  7:51  SCV  
  109  7:59  Marine  
  109  8:01  Siege Tank  
  109  8:02  SCV  
  109  8:03  SCV  
  113  8:06  Supply Depot  
  113  8:10  Marauder  
  113  8:14  SCV  
  113  8:16  Marine  
  113  8:17  Marauder  
  113  8:19  Engineering Bay  
  117  8:24  Marine  
  117  8:32  Command Center  
Tags
 
Add a new tag
Caveats
  • Supply blocks, unpowered buildings, or Contaminate may cause inaccurate times.
  • Supply counts are checked every 10 seconds.